 Dungeon Crawl Stone Soup version 0.28.0 (webtiles) character file.

Game seed: 2533952086119090153

429 browni3141 the Skirmisher (level 6, 0/56 HPs)
             Began as a Minotaur Berserker on Feb 10, 2022.
             Was a Follower of Trog.
             Slain by a water moccasin zombie (5 damage)
             ... on level 6 of the Dungeon.
             The game lasted 00:01:32 (1731 turns).

browni3141 the Skirmisher (Minotaur Berserker)      Turns: 1731, Time: 00:01:33

Health: 0/56       AC:  2    Str: 23    XL:     6   Next: 66%
Magic:  5/5        EV: 13    Int:  4    God:    Trog [*.....]
Gold:   125        SH:  0    Dex: 10    Spells: 5/5 levels left

rFire   . . .      SeeInvis .   a - +0 hand axe
rCold   . . .      Faith    .   (no shield)
rNeg    . . .      Spirit   .   b - +0 animal skin
rPois   .          Reflect  .   (helmet restricted)
rElec   .          Harm     .   (no cloak)
rCorr   .          Rampage  .   (no gloves)
Will    .....                   (no boots)
Stlth   +.........              (no amulet)
HPRegen 0.18/turn               (no ring)
MPRegen 0.09/turn               (no ring)

@: on berserk cooldown
A: horns 2, retaliatory headbutt
a: Renounce Religion, Berserk


You were on level 6 of the Dungeon.
You worshipped Trog.
Trog was aware of your devotion.
You visited 1 branch of the dungeon, and saw 6 of its levels.

You collected 125 gold pieces.

Inventory:

Hand Weapons
 a - a +0 hand axe (weapon)
Armour
 b - a +0 animal skin (worn)
Jewellery
 j - a ring of magical power
Scrolls
 c - a scroll of magic mapping {unknown}
 d - a scroll of enchant armour {unknown}
 e - a scroll of identify {unknown}
 i - a scroll of brand weapon {unknown}
 k - a scroll of torment {unknown}
Potions
 f - 3 potions of curing {unknown}
 g - 3 potions of magic {unknown}
 h - a potion of heal wounds {unknown}


   Skills:
 + Level 5.5 Fighting
 + Level 5.5 Axes
 + Level 4.7 Armour
 + Level 4.3 Dodging


You had 5 spell levels left.
You didn't know any spells.
Your spell library was empty.

Dungeon Overview and Level Annotations

Branches:
Dungeon (6/15)
 Temple: D:4-7

Altars:


Innate Abilities, Weirdness & Mutations

You have a pair of horns on your head.
You reflexively headbutt those who attack you in melee.


Message History

You slash the jelly!
Your hands burn!
The jelly is heavily wounded.
You are no longer berserk.
You are exhausted.
You feel yourself slow down. The jelly misses you.
You hit the jelly.
Your hands burn!
* * * LOW HITPOINT WARNING * * *
The jelly is severely wounded.
The jelly closely misses you.
You are too injured to fight recklessly!
You are too injured to fight recklessly!
You are too injured to fight recklessly!
You hit the jelly but do no damage.
Your hands burn!
* * * LOW HITPOINT WARNING * * *
The jelly is severely wounded.
The jelly barely misses you.
A water moccasin zombie comes into view.
The jelly closely misses you.
You hit the jelly.
Your hands burn!
* * * LOW HITPOINT WARNING * * *
You headbutt the jelly.
You kill the jelly!
Trog accepts your kill.
Unknown command.
You see here a +0 giant club.
Okay, then.
Unknown command.
The water moccasin zombie misses you. You furiously retaliate!
You headbutt the water moccasin zombie!
The water moccasin zombie barely misses you.
You furiously retaliate!
You headbutt the water moccasin zombie! The water moccasin zombie bites you!
* * * LOW HITPOINT WARNING * * *
The water moccasin zombie bites you.
* * * LOW HITPOINT WARNING * * *
The water moccasin zombie barely misses you.
You furiously retaliate!
You headbutt the water moccasin zombie!
You feel yourself speed up. The water moccasin zombie bites you.
You die...

#.#...#..# .#
...!.....######## ##.#
#.....)......##...###
#..#...#.#####.#.......
#.....#.# #.#..#...
.....#....# #.(..#.##.
##.......## #.....[...
...#.....# #Z...#.##..
#.#...#..# #@...#.##.
.#..#...## #......)..
#..#.#.#.. #......#
##....##.# #...#....#
#..)..#### #..#.......
#..########


You could see a water moccasin zombie.

Vanquished Creatures
  An ice beast (D:6)
  An ogre (D:6)
  A phantom (D:6)
  A jelly (D:6)
  A hound (D:5)
  A hound skeleton (D:5)
  6 adders
  2 gnolls (D:3)
  A white imp (D:6)
  2 dart slugs
  2 orcs
  2 bats (D:2)
  An endoplasm (D:2)
  2 giant cockroaches
  5 ball pythons
  2 frilled lizards (D:2)
  4 goblins
  3 kobolds
38 creatures vanquished.

Notes
Turn   | Place    | Note
-------+----------+-------------------------------------------
     0 | D:1      | browni3141 the Minotaur Berserker began the quest for the
                  | Orb.
     0 | D:1      | Reached XP level 1. HP: 19/19 MP: 0/0
   169 | D:2      | Reached XP level 2. HP: 27/27 MP: 1/1
   362 | D:2      | Reached XP level 3. HP: 31/33 MP: 2/2
   552 | D:2      | Found a faded altar of an unknown god.
  1027 | D:3      | Reached XP level 4. HP: 41/41 MP: 3/3
  1349 | D:5      | Entered Level 5 of the Dungeon
  1420 | D:5      | Reached XP level 5. HP: 35/47 MP: 4/4
  1527 | D:6      | Noticed a phantom
  1535 | D:6      | Killed a phantom
  1536 | D:6      | Reached skill level 5 in Fighting
  1536 | D:6      | Reached skill level 5 in Axes
  1652 | D:6      | Noticed an ice beast
  1659 | D:6      | Killed an ice beast
  1660 | D:6      | Reached XP level 6. HP: 56/56 MP: 5/5
  1731 | D:6      | Slain by a water moccasin zombie

Illustrated notes

Levels and vault maps discovered:
D:1:      psy_arrival_spokes, layout_basic
D:2:      layout_basic, hellmonk_ecumenical_altar_zigzags, moated_statue
D:3:      layout_loops_ring, uniq_crazy_yiuf_cottage
D:4:      layout_gridville, chequers_avenue
D:5:      layout_basic, temple_green
D:6:      layout_loops_ring, minmay_increasing_density

Skill      XL: |  1  2  3  4  5 |
---------------+----------------+-----
Fighting       | 4 5 |  5.5
Axes           | 4 5 |  5.5
Armour         | 3 4 |  4.7
Dodging        | 3 4 |  4.3

Action                   |  1- 3 |  4- 6 || total
-------------------------+-------+-------++-------
Melee: Hand axe          |    47 |    41 ||    88
       Headbutt          |     3 |     9 ||    12
       Punch             |     1 |       ||     1
Invok: Berserk           |     3 |     3 ||     6
Armor: Animal skin       |     9 |     6 ||    15
Dodge: Dodged            |    43 |    30 ||    73
